 Dungeon Crawl Stone Soup version 0.28.0-45-g0d030f2227 (webtiles) character file.

Game seed: 13619708722095024048

2 Tayschli the Sneak (level 1, 0/13 HPs)
             Began as a Gnoll Wanderer on Apr 5, 2022.
             Slain by a quokka (4 damage)
             ... on level 1 of the Dungeon.
             The game lasted 00:00:49 (338 turns).

Tayschli the Sneak (Gnoll Wanderer)                  Turns: 338, Time: 00:00:50

Health: 0/13       AC:  2    Str:  8    XL:     1   Next: 40%
Magic:  1/1        EV: 11    Int:  8    God:
Gold:   0          SH:  0    Dex: 17    Spells: 0/0 levels left

rFire   . . .      SeeInvis .   a - +0 dagger
rCold   . . .      Faith    .   (no shield)
rNeg    . . .      Spirit   .   f - +0 robe
rPois   .          Reflect  .   (no helmet)
rElec   .          Harm     .   (no cloak)
rCorr   .          Rampage  .   (no gloves)
Will    .....                   (no boots)
Stlth   ++++......              (no amulet)
HPRegen 0.04/turn               (no ring)
MPRegen 0.07/turn               (no ring)

@: no status effects
A: fangs 1, strong nose, distributed training
a: no special abilities


You were on level 1 of the Dungeon.
You visited 1 branch of the dungeon, and saw 1 of its levels.

Inventory:

Hand Weapons
 a - a +0 dagger (weapon)
 d - a +0 falchion
Missiles
 b - an atropa-tipped dart
 c - a datura-tipped dart (quivered)
Armour
 f - a +0 robe (worn)
Wands
 e - a wand of flame (4)


   Skills:
 + Level 0.0 Fighting
 + Level 0.0 Short Blades
 + Level 4.4 Long Blades
 + Level 0.0 Axes
 + Level 0.0 Maces & Flails
 + Level 0.0 Polearms
 + Level 0.0 Staves
 + Level 0.0 Slings
 + Level 0.0 Bows
 + Level 0.0 Crossbows
 + Level 0.0 Throwing
 + Level 4.4 Armour
 + Level 0.0 Dodging
 + Level 7.7 Stealth
 + Level 0.0 Shields
 + Level 0.0 Unarmed Combat
 + Level 0.0 Spellcasting
 + Level 0.0 Conjurations
 + Level 0.0 Hexes
 + Level 0.0 Summonings
 + Level 0.0 Necromancy
 + Level 0.0 Translocations
 + Level 0.0 Transmutations
 + Level 0.0 Fire Magic
 + Level 0.0 Ice Magic
 + Level 0.0 Air Magic
 + Level 0.0 Earth Magic
 + Level 0.0 Poison Magic
 + Level 0.1 Invocations
 + Level 4.4 Evocations


You couldn't memorise any spells.
You didn't know any spells.
Your spell library was empty.

Dungeon Overview and Level Annotations

Branches:
Dungeon (1/15)

Altars:


Innate Abilities, Weirdness & Mutations

You have very sharp teeth.
Your uncanny sense of smell can sniff out nearby items.
Your experience applies equally to all skills.


Message History

The hobgoblin is heavily wounded.
The hobgoblin closely misses you.
You hit the hobgoblin.
You kill the hobgoblin!
Things that are here:
a hobgoblin corpse; a ball python corpse; a frilled lizard corpse
c - 2 datura-tipped darts (gained 1)
You see here a rat corpse.
b - an atropa-tipped dart You see here a +0 ring mail.
You start resting.
HP restored.
Found an escape hatch in the floor. 2 bats come into view.
A quokka comes into view.
Throw: 2 darts (datura)
Press: ? - help, Q - select action, (/) - cycle Shift-Dir - straight line, f - quokka
Aim: a quokka (asleep, 98% to hit, chance to frenzy on hit: 100%)
You throw a datura-tipped dart. The datura-tipped dart hits the bat.
The bat flies into a frenzy!
The bat hits the bat.
The bat closely misses the bat.
The bat barely misses you. The bat completely misses you.
The bat barely misses the bat.
You miss the bat.
The bat is severely wounded.
The bat completely misses the bat.
The bat hits you.
The bat closely misses the bat.
The bat hits the quokka.
The quokka bites you.
You hit the quokka but do no damage.
The quokka is moderately wounded.
The bat closely misses the quokka.
The bat hits you but does no damage. The bat barely misses you.
The quokka bites you.
You hit the quokka but do no damage.
The quokka is moderately wounded.
The bat hits you but does no damage. The bat hits you.
The bat barely misses the bat.
The quokka bites you.
You barely miss the quokka.
The quokka is moderately wounded.
The bat closely misses the quokka.
The bat barely misses you.
The bat misses the quokka.
The quokka bites you.
You die...

#.. #.# ### ..# #.# #
#.. .. #####.# #.##.##.#
. #.....# ##.##.#..##..
#.###.# ##............
..# #.# #... .........
..# #.# #.###....##..
#.# #.# #....@rb.....
#.###.# #..##.b......
#.....######..##.#####.#
#####÷.[......##.#
#÷######.###.# #.# #>#
#.# #.# #.# ... ..# #..
... ### ###


You could see a quokka, a bat and a neutral bat (fast, strong, insane).

Vanquished Creatures
  A hobgoblin (D:1)
  A ball python (D:1)
  A frilled lizard (D:1)
3 creatures vanquished.

Vanquished Creatures (others)
  A rat (D:1)
1 creature vanquished.

Grand Total: 4 creatures vanquished

Notes
Turn   | Place    | Note
-------+----------+-------------------------------------------
     0 | D:1      | Tayschli the Gnoll Wanderer began the quest for the Orb.
     0 | D:1      | Tayschli set off with the following items: a +0 dagger, an
                  | atropa-tipped dart, 2 datura-tipped darts, a +0 falchion, a
                  | wand of flame (4), a +0 robe
     0 | D:1      | Reached XP level 1. HP: 13/13 MP: 1/1
   338 | D:1      | Slain by a quokka

Illustrated notes

Levels and vault maps discovered:
D:1:      elethiomel_arrival_shortcut, layout_loops_ring, minmay_pentomino_x2

Action                   || total
-------------------------++-------
Melee: Dagger            ||    20
Throw: Dart              ||     3
Armor: Robe              ||     4
Dodge: Dodged            ||    16
